 Dungeon Crawl Stone Soup version 0.29-a0-721-g7f417c9bbb (webtiles) character file.

Game seed: 2534195970186092005

172 blackman the Chopper (level 5, -6/41 HPs)
             Began as a Human Delver on June 28, 2022.
             Mangled by an orc priest
             ... wielding a +1 whip of electrocution
              (13 damage)
             ... on level 5 of the Dungeon.
             The game lasted 00:03:59 (1502 turns).

blackman the Chopper (Human Delver)                 Turns: 1502, Time: 00:03:59

Health: -6/41      AC: 11    Str: 14    XL:     5   Next: 83%
Magic:  5/5        EV:  7    Int: 10    God:
Gold:   63         SH:  3    Dex: 15    Spells: 4/4 levels left

rFire   . . .      SeeInvis .   p - +0 spear
rCold   . . .      Faith    .   n - +0 buckler
rNeg    . . .      Spirit   .   k - +0 plate armour
rPois   .          Reflect  .   (no helmet)
rElec   .          Harm     .   (no cloak)
rCorr   .          Rampage  .   b - +0 pair of gloves
Will    .....                   (no boots)
Stlth   ..........              (no amulet)
HPRegen 0.13/turn               h - +4 ring of evasion
MPRegen 0.09/turn               (no ring)

@: no status effects
A: no striking features
a: no special abilities


You were on level 5 of the Dungeon.
You visited 1 branch of the dungeon, and saw 2 of its levels.

You collected 63 gold pieces.

Inventory:

Hand Weapons
 a - a +0 hand axe
 p - a +0 spear (weapon)
Armour
 b - a +0 pair of gloves (worn)
 j - a +0 chain mail
 k - a +0 plate armour (worn)
 n - a +0 buckler (worn)
Jewellery
 h - a +4 ring of evasion (left hand)
Wands
 g - a wand of digging (3)
Scrolls
 c - 3 scrolls of fog
 d - 2 scrolls of magic mapping
 e - a scroll of fear
 l - a scroll of identify {unknown}
 m - a scroll of teleportation {unknown}
 o - a scroll of noise {unknown}
Potions
 f - 2 potions of curing {unknown}
 i - 2 potions of mutation {unknown}
 q - a potion of resistance {unknown}


   Skills:
 - Level 3.0 Fighting
 + Level 5.6 Axes
 - Level 2.0 Dodging
 - Level 5.0 Stealth


You had 4 spell levels left.
You didn't know any spells.
Your spell library was empty.

Dungeon Overview and Level Annotations

Branches:
Dungeon (5/15)
 Temple: D:4-7

Altars:

Shops:
D:5 !


Message History

The orc wizard completely misses you.
Reach: p) +0 spear
Press: ? - help, Dir - move target, f/p - orc priest
Aim: an orc priest, wielding a +1 whip of electrocution and wearing a +0 leather armour (heavily wounded, about 37% to evade your +0 spear)
You barely miss the orc priest.
The orc priest is heavily wounded.
The orc hits you but does no damage.
The orc priest calls upon Beogh to heal the orc wizard.
The orc wizard's wounds heal themselves!
The orc wizard casts a spell at you. You block the puff of flame.
Reach: p) +0 spear
Press: ? - help, Dir - move target, f/p - orc priest
Aim: an orc priest, wielding a +1 whip of electrocution and wearing a +0 leather armour (heavily wounded, about 37% to evade your +0 spear)
You closely miss the orc priest.
The orc priest is heavily wounded.
The orc hits you but does no damage.
The orc priest invokes the aid of Beogh against you.
You barely resist.
The orc wizard hits you but does no damage.
Reach: p) +0 spear
Press: ? - help, Dir - move target, f/p - orc priest
Aim: an orc priest, wielding a +1 whip of electrocution and wearing a +0 leather armour (heavily wounded, about 37% to evade your +0 spear)
You closely miss the orc priest.
The orc priest is heavily wounded.
The orc hits you but does no damage.
The orc priest hits you but does no damage.
The orc wizard gestures at you while chanting.
The puff of flame hits you.
* * * LOW HITPOINT WARNING * * *
Reach: p) +0 spear
Press: ? - help, Dir - move target, f/p - orc priest
Aim: an orc priest, wielding a +1 whip of electrocution and wearing a +0 leather armour (heavily wounded, about 37% to evade your +0 spear)
You hit the orc priest.
The orc priest is severely wounded.
You block the orc's attack.
The orc priest hits you with a +1 whip of electrocution.
* * * LOW HITPOINT WARNING * * *
You are electrocuted!
You die...

....##.# ..#.##.#### ###
..#........ .....##
........... ......#
###....### #.##..#
'∩#.#### #.##..# ###.#
#.##..# ....# #.##oo#
....# #.##@o###.$ ....#
####..........#
###.######............##
#...................#
#.######.#####..###.#
#.# #.#.. ....# # ###.#
#.#.# ###.# ....# #.#.#
.# .#.## #...# .#


You could see an orc priest, an orc wizard and an orc.

Vanquished Creatures
  A phantom (D:5)
  A centaur (D:5)
  An ufetubus (D:4)
  A dart slug (D:4)
  An orc (D:4)
  An endoplasm (D:4)
  A giant cockroach (D:4)
  2 jackals (D:4)
  2 ball pythons (D:4)
11 creatures vanquished.

Notes
Turn   | Place    | Note
-------+----------+-------------------------------------------
     0 | D:5      | blackman the Human Delver began the quest for the Orb.
     0 | D:5      | Reached XP level 1. HP: 18/18 MP: 1/1
    25 | D:5      | Noticed a phantom
    50 | D:5      | Killed a phantom
    51 | D:5      | Reached XP level 2. HP: 14/24 MP: 2/2
    51 | D:5      | Reached XP level 3. HP: 17/29 MP: 3/3
    51 | D:5      | Reached XP level 4. HP: 20/35 MP: 4/4
   407 | D:5      | Found Muuleb's Distillery.
  1270 | D:5      | Noticed a centaur
  1290 | D:5      | Killed a centaur
  1291 | D:5      | Reached skill level 5 in Axes
  1291 | D:5      | Reached XP level 5. HP: 24/41 MP: 5/5
  1502 | D:5      | Mangled by an orc priest

Illustrated notes

Levels and vault maps discovered:
D:4:      layout_gridville
D:5:      layout_loops_ring, serial_shops, kennysheep_mini,
          nicolae_shop_overcharged_wands

Skill      XL: |  1  2  3  4 |
---------------+-------------+-----
Axes           | 4 5 |  5.6
Fighting       | |  3.0
Dodging        | |  2.0
Stealth        | |  5.0

Action                   |  1- 3 |  4- 6 || total
-------------------------+-------+-------++-------
Melee: Hand axe          |    22 |    22 ||    44
       Spear             |       |    41 ||    41
       Punch             |       |     1 ||     1
  Use: Potion            |     1 |       ||     1
Armor: Leather armour    |     1 |       ||     1
       Plate armour      |       |    63 ||    63
Dodge: Dodged            |    12 |    45 ||    57
Block: Buckler           |       |    11 ||    11

Table legend: (Time is in decaauts)
 A = Elapsed time spent in this place.
 B = Non-inter-level travel time spent in this place.
 C = Inter-level travel time spent in this place.
 D = Time resting spent in this place.
 E = Time spent auto-exploring this place.
 F = Levels seen in this place.
 G = Mean time per level.
                   A        B        C        D        E       F      G
               +--------+--------+--------+--------+--------+-----+--------+
         Total |   1486 |   1431 |     55 |      0 |   1068 |   2 |  743.0 |
       Dungeon |   1486 |   1431 |     55 |      0 |   1068 |   2 |  743.0 |
               +--------+--------+--------+--------+--------+-----+--------+

Top non-repeatable levels by time:
     D:4: 790 daAuts
     D:5: 696 daAuts
